AoeStats
← GoldPhantom

Black Forest

510327783Analyzed
4v4 RM · 3d ago on Sep 30, 2026· 55m 42s· 8 players
Game mode
Random Map
Map size
Large (8 player)
Population
200
Speed
Normal
Resources
Standard
Victory
Conquest
Starting age
Dark Age
Ending age
Imperial Age
RankedLock teamsTeams togetherTeam positionsShared explorationLock speedFull tech treeHidden civsTurbo modeCheats
Victory
Defeat
🇮🇩 Persians · Indonesia
882
+17
🇨🇳 Magyars · China
854
+18
🇭🇰 Lithuanians · Hong Kong SAR China
805
+20
🇨🇳 Chinese · China
788
+21
🇳🇱 Ethiopians · Netherlands
927
-20
🇹🇷 Britons · Türkiye
926
-20
🇪🇸 Franks · Spain
917
-20
🇪🇸 Gurjaras · Spain
815
-16
夜明
3:52 Loom
7:50 Loom
12:02 Feudal Age
13:19 Horse Collar
14:39 Wheelbarrow
14:39 Double-Bit Axe
18:00 Town Watch
18:37 Gold Mining
23:30 Castle Age
21:48 Fletching
22:39 Padded Archer Armor
24:34 Bodkin Arrow
24:55 Bow Saw
24:47 Heavy Plow
25:25 Gold Shaft Mining
25:47 Leather Archer Armor
25:52 Masonry
26:00 Masonry
27:06 Hand Cart
27:23 Scale Mail Armor
28:41 Ballistics
30:40 Murder Holes
31:40 Town Patrol
34:37 Imperial Age
32:59 Town Patrol
33:31 Chain Mail Armor
36:18 Chemistry
35:23 Bracer
35:53 Ring Archer Armor
36:49 Two-Man Saw
36:04 Elite Chu Ko Nu
43:17 Plate Mail Armor
43:18 Conscription
43:27 Conscription
45:57 Town Patrol
54:28 Architecture
知行
12:10 Feudal Age
16:35 Castle Age
14:57 Horse Collar
15:26 Double-Bit Axe
23:19 Wheelbarrow
22:29 Loom
25:05 Bow Saw
30:12 Imperial Age
28:01 Heavy Plow
29:24 Fletching
29:35 Padded Archer Armor
30:01 Hand Cart
29:50 Gold Mining
30:22 Bodkin Arrow
30:51 Ballistics
31:32 Heavy Cavalry Archer
32:25 Bracer
32:40 Leather Archer Armor
33:31 Chemistry
33:44 Parthian Tactics
34:09 Recurve Bow
35:40 Ring Archer Armor
35:17 Scale Barding Armor
35:40 Siege Engineers
36:19 Bloodlines
36:10 Husbandry
35:32 Light Cavalry
36:57 Hussar
38:36 Chain Barding Armor
38:21 Murder Holes
39:51 Conscription
41:06 Caravan
42:23 Plate Barding Armor
43:09 Scale Mail Armor
GoldPhantom
0:29 Loom
12:49 Feudal Age
13:38 Double-Bit Axe
20:42 Castle Age
20:50 Wheelbarrow
20:11 Horse Collar
22:00 Bow Saw
22:08 Heavy Plow
26:26 Hand Cart
27:10 Gold Mining
27:12 Stone Mining
28:34 Forging
29:20 Town Watch
30:07 Fervor
30:09 Scale Barding Armor
29:55 Fletching
31:11 Caravan
37:01 Imperial Age
34:48 Husbandry
34:59 Bloodlines
34:11 Light Cavalry
35:34 Iron Casting
35:20 Chain Barding Armor
37:04 Padded Archer Armor
37:06 Scale Mail Armor
37:02 Bodkin Arrow
37:53 Masonry
37:24 Treadmill Crane
38:05 Ballistics
37:15 Cavalier
38:32 Conscription
37:36 Elite Leitis
40:37 Stone Shaft Mining
40:01 Paladin
42:46 Plate Barding Armor
43:41 Crop Rotation
44:45 Fortified Wall
45:36 Chemistry
44:58 Town Patrol
46:20 Guilds
46:52 Tower Shields
47:30 Chain Mail Armor
46:57 Pikeman
47:39 Squires
47:56 Halberdier
g1psy
0:49 Loom
11:43 Feudal Age
12:04 Double-Bit Axe
20:30 Castle Age
19:09 Horse Collar
19:21 Gold Mining
19:26 Stone Mining
22:17 Bow Saw
24:10 Fishing Lines
25:54 Heavy Plow
29:13 Stone Shaft Mining
29:14 Gold Shaft Mining
29:29 Wheelbarrow
29:15 Town Watch
30:59 Hand Cart
31:16 Town Patrol
34:03 Imperial Age
33:39 Elite War Elephant
34:28 Scale Barding Armor
34:57 Bloodlines
34:48 Husbandry
35:07 Citadels
35:14 Gillnets
36:29 Forging
36:41 Chain Barding Armor
37:50 Two-Man Saw
38:07 Kamandaran
38:53 Iron Casting
38:53 Plate Barding Armor
39:26 Caravan
39:56 Coinage
43:02 Pikeman
45:12 Banking
46:37 Guilds
46:37 Halberdier
49:19 Crossbowman
50:07 Thumb Ring
52:28 Ballistics
53:11 Chemistry
53:42 Fletching
53:52 Padded Archer Armor
squeezecheese21
0:53 Loom
12:50 Feudal Age
14:14 Wheelbarrow
13:29 Double-Bit Axe
13:25 Horse Collar
13:37 Stone Mining
14:49 Gold Mining
18:08 Fishing Lines
18:31 Town Watch
26:35 Fletching
28:51 Castle Age
28:32 Padded Archer Armor
30:39 Gold Shaft Mining
31:51 Heavy Plow
34:31 Imperial Age
32:38 Bow Saw
33:09 Hand Cart
33:03 Bodkin Arrow
33:23 Leather Archer Armor
35:15 Ballistics
34:48 Elite Longbowman
36:11 Conscription
36:56 Two-Man Saw
37:14 Chemistry
36:42 Bracer
37:47 Ring Archer Armor
38:38 Yeomen
39:04 Forging
39:00 Scale Barding Armor
42:15 Iron Casting
42:00 Chain Barding Armor
42:07 Cavalier
42:48 Husbandry
44:09 Blast Furnace
45:28 Warwolf
47:01 Plate Barding Armor
52:56 Hoardings
vrienden0
0:31 Loom
11:44 Feudal Age
12:15 Horse Collar
12:33 Double-Bit Axe
15:49 Fishing Lines
16:11 Gold Mining
20:58 Castle Age
19:36 Forging
19:16 Fletching
22:19 Bow Saw
22:34 Stone Mining
23:00 Caravan
24:45 Wheelbarrow
24:49 Iron Casting
24:53 Stone Shaft Mining
24:54 Gold Shaft Mining
24:23 Heavy Plow
24:33 Crossbowman
28:32 Hand Cart
30:47 Bodkin Arrow
31:23 Padded Archer Armor
31:35 Scale Barding Armor
31:45 Fervor
35:02 Imperial Age
33:12 Scale Mail Armor
33:32 Chain Barding Armor
33:53 Ballistics
33:44 Masonry
34:00 Thumb Ring
33:58 Squires
34:02 Royal Heirs
35:17 Husbandry
35:02 Elite Skirmisher
37:10 Chemistry
35:33 Halberdier
35:52 Heavy Camel Rider
36:42 Arbalester
38:45 Blast Furnace
39:06 Bracer
39:49 Architecture
39:24 Siege Engineers
39:39 Chain Mail Armor
39:39 Leather Archer Armor
42:23 Elite Shotel Warrior
45:31 Ring Archer Armor
Kaparso
10:04 Feudal Age
16:37 Castle Age
15:00 Double-Bit Axe
15:19 Horse Collar
20:01 Loom
22:39 Bow Saw
22:32 Heavy Plow
25:51 Wheelbarrow
30:20 Imperial Age
30:18 Bloodlines
30:42 Husbandry
31:36 Scale Barding Armor
31:41 Forging
31:22 Fletching
32:03 Conscription
33:32 Kshatriyas
33:47 Frontier Guards
35:08 Heavy Camel Rider
36:20 Chain Barding Armor
36:35 Iron Casting
36:47 Fishing Lines
38:47 Padded Archer Armor
38:43 Bodkin Arrow
38:38 Town Watch
39:27 Elite Elephant Archer
40:16 Thumb Ring
42:02 Plate Barding Armor
41:48 Leather Archer Armor
44:34 Gold Mining
50:12 Hand Cart
Guty
0:28 Loom
12:32 Feudal Age
13:50 Wheelbarrow
13:03 Double-Bit Axe
19:55 Castle Age
18:17 Gold Mining
19:07 Stone Mining
20:48 Bow Saw
23:22 Hand Cart
24:05 Hand Cart
24:44 Gold Shaft Mining
32:35 Imperial Age
30:59 Ballistics
30:28 Town Watch
32:07 Scale Barding Armor
32:12 Forging
31:53 Fletching
32:04 Scale Mail Armor
32:57 Caravan
33:48 Town Patrol
35:12 Chemistry
33:35 Cavalier
34:18 Husbandry
34:22 Padded Archer Armor
35:27 Treadmill Crane
35:46 Murder Holes
36:09 Paladin
37:13 Chain Barding Armor
37:29 Iron Casting
37:30 Conscription
37:55 Chivalry
37:18 Elite Throwing Axeman
38:01 Pikeman
38:42 Squires
38:27 Gambesons
38:29 Arson
39:22 Plate Barding Armor
41:21 Blast Furnace
41:29 Halberdier
45:03 Chain Mail Armor
44:43 Bodkin Arrow
Connection lost

Rejoining the realm…

Still unreachable

The connection could not be restored.

Session expired

The server has moved on; the page needs a fresh start.